 Dungeon Crawl Stone Soup version 0.22.0-13-g43fe8f2 (webtiles) character file.

1396 shmeve the Chopper (level 8, -1/71 HPs)
             Began as a Minotaur Berserker on Aug 17, 2018.
             Was a Priest of Trog.
             Shot with an arrow by something (6 damage)
             ... on level 6 of the Dungeon.
             The game lasted 00:08:14 (4295 turns).

shmeve the Chopper (Minotaur Berserker)             Turns: 4295, Time: 00:08:14

Health: -1/71      AC: 12    Str: 23    XL:     8   Next: 41%
Magic:  7/7        EV:  8    Int:  4    God:    Trog [***...]
Gold:   325        SH: 12    Dex: 11    Spells: 7/7 levels left

rFire    . . .     SeeInvis .   a - +0 hand axe
rCold    . . .     Gourm    .   p - +2 shield
rNeg     . . .     Faith    .   j - +0 chain mail
rPois    .         Spirit   .   (helmet restricted)
rElec    .         Reflect  .   (no cloak)
rCorr    .         Harm     .   r - +2 pair of gloves
MR       ++...                  (no boots)
Stlth    ..........             (no amulet)
HPRegen  1.21/turn              (no ring)
MPRegen  0.10/turn              (no ring)

@: lethally poisoned (-1 -> -1), berserk cooldown, very slightly contaminated,
regenerating, slowed, invisible, very slow
A: retaliatory headbutt, horns 2
a: Berserk, Trog's Hand, Renounce Religion


You were on level 6 of the Dungeon.
You worshipped Trog.
Trog was most pleased with you.
You were very hungry.

You visited 1 branch of the dungeon, and saw 6 of its levels.

You collected 325 gold pieces.

Inventory:

Hand Weapons
 a - a +0 hand axe (weapon)
Missiles
 f - 8 poisoned javelins (quivered)
Armour
 j - a +0 chain mail (worn)
 p - a +2 shield (worn)
 r - a +2 pair of gloves (worn)
Wands
 k - a wand of iceblast (8)
 q - a wand of flame (8)
 w - a wand of paralysis (10)
Scrolls
 d - a scroll of teleportation
 e - a scroll of magic mapping {unknown}
 h - 6 scrolls of identify
 n - a scroll of remove curse
 v - a scroll of enchant weapon {unknown}
Potions
 i - a potion of brilliance {unknown}
 l - 2 potions of haste {unknown}
 m - 2 potions of heal wounds {unknown}
 o - 2 potions of agility {unknown}
 s - 4 potions of curing {unknown}
 t - a potion of degeneration {unknown}
 u - a potion of flight {unknown}
Comestibles
 c - 10 rations
 g - 2 chunks of flesh


   Skills:
 * Level 6.5 Fighting
 * Level 6.7 Axes
 + Level 3.0 Throwing
 + Level 4.6 Armour
 + Level 4.1 Dodging
 * Level 6.5 Shields


You had 7 spell levels left.
You didn't know any spells.
Your spell library was empty.

Dungeon Overview and Level Annotations

Branches:
Dungeon (6/15)
 Temple: D:4-7

Altars:
Cheibriados
Hepliaklqana
Kikubaaqudgha
Qazlal
Trog
Vehumet


Innate Abilities, Weirdness & Mutations

You reflexively headbutt those who attack you in melee.
You have a pair of horns on your head.


Message History

The worker ant bites you but does no damage.
You are very lightly contaminated with residual magic.
You feel sick.
You feel the effects of Trog's Hand fading.
You feel sick.
You hear a twanging sound.
An arrow appears from out of thin air!
The arrow hits the worker ant!
The worker ant dies!
You hear a twanging sound.
An arrow appears from out of thin air!
You block the arrow.
You hear a twanging sound.
An arrow appears from out of thin air!
The arrow hits you!
* * * LOW HITPOINT WARNING * * *
You see here 2 arrows.
You feel sick.
You hear a twanging sound.
An arrow appears from out of thin air!
The arrow hits you but does no damage.
You hear a twanging sound.
An arrow appears from out of thin air!
The arrow hits you.
You die...

#. #[ #.## #) ..# #. #.#
#.(# ########. #)## #..#
#........ ###..####..#
#........ #..(....#..#
#........ #.......#..#
#........ #.(((.@.#..#
#........ #.......#..#
#........
......####..##..####........
......#####.##..............
......+........#############
..... ####..........# .....
#.#.#.####.# .... #.#<....
#.#...##.


There were no monsters in sight!

Vanquished Creatures
  Sigmund (D:6)
  Menkaure (D:6)
  2 phantoms
  A necrophage (D:5)
  A bullfrog (D:6)
  A hound (D:4)
  3 orc priests
  5 orc wizards
  A bullfrog skeleton (D:5)
  2 centaur skeletons
  2 iguanas (D:5)
  3 worker ants (D:4)
  Ijyb (D:3)
  12 gnolls
  8 adders
  4 oozes
  An adder zombie (D:5)
  2 worms
  2 dart slugs (D:1)
  A leopard gecko (D:3)
  17 orcs
  A ball python (D:1)
  A bat (D:2)
  4 giant cockroaches
  10 goblins
  5 hobgoblins
  4 jackals
  9 kobolds
  A quokka (D:6)
  4 frilled lizards (D:2)
  A jackal skeleton (D:5)
  A quokka skeleton (D:4)
  4 rats
116 creatures vanquished.

Vanquished Creatures (others)
  A worker ant (D:6)
1 creature vanquished.

Grand Total: 117 creatures vanquished

Notes
Turn   | Place    | Note
-------+----------+-------------------------------------------
     0 | D:1      | shmeve the Minotaur Berserker began the quest for the Orb.
     0 | D:1      | Reached XP level 1. HP: 19/19 MP: 0/0
    35 | D:1      | Reached XP level 2. HP: 17/27 MP: 1/1
   614 | D:1      | Reached XP level 3. HP: 31/33 MP: 2/2
   838 | D:2      | Reached skill level 1 in Shields
   846 | D:2      | Found a bloodstained altar of Trog.
  1322 | D:3      | Reached XP level 4. HP: 40/40 MP: 3/3
  1325 | D:3      | Reached ** piety under Trog
  1514 | D:3      | Noticed Ijyb
  1520 | D:3      | Killed Ijyb
  1526 | D:3      | Reached XP level 5. HP: 46/46 MP: 4/4
  1787 | D:3      | Found a hazy altar of Hepliaklqana.
  1790 | D:3      | Found an ancient bone altar of Kikubaaqudgha.
  1793 | D:3      | Found a snail-covered altar of Cheibriados.
  1796 | D:3      | Found a radiant altar of Vehumet.
  1851 | D:3      | Reached skill level 1 in Throwing
  2212 | D:4      | HP: 3/69 [orc priest/divine providence (11)]
  2662 | D:4      | Reached XP level 6. HP: 53/53 MP: 5/5
  2673 | D:4      | Found a stormy altar of Qazlal.
  2771 | D:4      | Reached skill level 5 in Axes
  2919 | D:4      | Reached *** piety under Trog
  2939 | D:4      | Reached skill level 5 in Fighting
  2939 | D:4      | Reached skill level 5 in Shields
  3059 | D:4      | Reached XP level 7. HP: 45/61 MP: 6/6
  3568 | D:5      | Entered Level 5 of the Dungeon
  4223 | D:6      | Reached XP level 8. HP: 57/70 MP: 7/7
  4269 | D:6      | Noticed Sigmund
  4270 | D:6      | Noticed Menkaure
  4277 | D:6      | Killed Sigmund
  4281 | D:6      | Killed Menkaure
  4293 | D:6      | HP: 2/71 [something (9)]
  4295 | D:6      | Shot with an arrow by something

Skill      XL: |  1  2  3  4  5  6  7  8 |
---------------+-------------------------+-----
Axes           | 4 5 6 |  6.7
Fighting       | 4 5 6 |  6.5
Shields        | 3 4 5 6 |  6.5
Armour         | 3 4 |  4.6
Throwing       | 1 2 3 |  3.0
Dodging        | 3 4 |  4.1

Action                   |  1- 3 |  4- 6 |  7- 9 || total
-------------------------+-------+-------+-------++-------
Melee: Hand axe          |    53 |   151 |   133 ||   337
       Headbutt          |     9 |    28 |    27 ||    64
Throw: Javelin           |       |     8 |       ||     8
Invok: Berserk           |     1 |     1 |     3 ||     5
       Trog's Hand       |       |       |     1 ||     1
  Use: Scroll            |       |     4 |       ||     4
       Potion            |       |       |     1 ||     1
  Eat: Chunk             |     1 |     7 |     7 ||    15
Armor: Chain mail        |    25 |    67 |    57 ||   149
       Animal skin       |     1 |       |       ||     1
Dodge: Dodged            |    29 |    41 |    25 ||    95
Block: Shield            |       |    76 |   103 ||   179
